AoeStats
← TM Caesar

Golden Pit

508059153Analyzed
1v1 RM · 13d ago on Sep 20, 2026· 35m 50s· 2 players
Game mode
Random Map
Map size
Tiny (2 player)
Population
200
Speed
Normal
Resources
Standard
Victory
Conquest
Starting age
Dark Age
Ending age
Imperial Age
RankedLock teamsTeams togetherTeam positionsShared explorationLock speedFull tech treeHidden civsTurbo modeCheats
Victory
Defeat
🇧🇪 Goths · Belgium
1689
+15
🇦🇷 Tatars · Argentina
1672
-15
TM Caesar
6:26 Loom
9:12 Feudal Age
9:49 Double-Bit Axe
12:47 Fletching
22:12 Castle Age
20:14 Padded Archer Armor
19:57 Horse Collar
20:19 Gold Mining
23:01 Bodkin Arrow
22:34 Crossbowman
23:36 Bow Saw
26:12 Husbandry
27:36 Wheelbarrow
28:22 Wheelbarrow
28:48 Bloodlines
30:16 Scale Barding Armor
32:11 Town Watch
34:47 Hand Cart
3szz
0:53 Loom
9:54 Feudal Age
9:56 Man-at-Arms
10:27 Double-Bit Axe
12:43 Horse Collar
14:17 Padded Archer Armor
15:36 Fletching
22:30 Castle Age
20:48 Stone Mining
21:34 Gold Mining
23:07 Bodkin Arrow
22:33 Elite Skirmisher
23:51 Leather Archer Armor
23:55 Bow Saw
25:03 Scale Mail Armor
25:13 Forging
25:43 Squires
27:15 Chain Mail Armor
28:07 Wheelbarrow
28:17 Town Watch
31:33 Hand Cart
Connection lost

Rejoining the realm…

Still unreachable

The connection could not be restored.

Session expired

The server has moved on; the page needs a fresh start.